 Dungeon Crawl Stone Soup version 0.19-a0-1899-g2d93087 (webtiles) character file.

499 dobroeutro the Bolt Thrower (level 7, -2/44 HPs)
             Began as a Kobold Hunter on Oct 19, 2016.
             Slain by a sky beast (6 damage)
             ... on level 5 of the Dungeon.
             The game lasted 00:06:25 (3259 turns).

dobroeutro the Bolt Thrower (Kobold Hunter)         Turns: 3259, Time: 00:06:25

Health: -2/44      AC:  8    Str: 13    XL:     7   Next: 39%
Magic:  7/7        EV: 17    Int: 12    God:
Gold:   200        SH:  0    Dex: 16    Spells: 0 memorised, 6 levels left

rFire  . . .     SeeInvis .     a - +1 hand crossbow
rCold  . . .     Gourm    .     c - +0 leather armour
rNeg   + . .     Faith    .     (shield restricted)
rPois  .         Spirit   .     (no helmet)
rElec  .         Reflect  .     r - +2 cloak
rCorr  .         Harm     .     l - +0 pair of gloves
MR     .....                    e - +0 pair of boots
Stlth  ++........               g - amulet of regeneration
                                B - +2 ring of strength
                                A - ring of positive energy

@: no status effects
A: carnivore 3
a: no special abilities


You were on level 5 of the Dungeon.
You were not hungry.

You visited 1 branch of the dungeon, and saw 5 of its levels.

You collected 200 gold pieces.

Inventory:

Hand Weapons
 a - a +1 hand crossbow (weapon)
 w - a +2 vampiric short sword
Missiles
 d - 9 bolts (quivered)
Armour
 c - a +0 leather armour (worn)
 e - a +0 pair of boots (worn)
 l - a +0 pair of gloves (worn)
 r - a +2 cloak (worn)
Jewellery
 g - an amulet of regeneration (around neck)
 A - a ring of positive energy (left hand)
 B - a +2 ring of strength (right hand)
Wands
 h - a wand of iceblast (7/15)
Scrolls
 i - 2 scrolls of immolation
 k - 2 scrolls of remove curse
 m - 3 scrolls of identify {unknown}
 n - a scroll of recharging {unknown}
 s - 2 scrolls of noise {unknown}
 t - 2 scrolls of magic mapping {unknown}
 u - a scroll of teleportation {unknown}
 y - a scroll of enchant armour {unknown}
Potions
 j - 2 potions of magic {unknown}
 o - a potion of cancellation {unknown}
 p - 3 potions of lignification {unknown}
 q - 2 potions of curing {unknown}
 x - a potion of brilliance {unknown}
 z - a potion of resistance {unknown}
Comestibles
 f - 2 meat rations
 v - 3 beef jerkies


   Skills:
 + Level 4.7 Fighting
 + Level 4.2 Short Blades
 + Level 6.3 Crossbows
 + Level 5.1 Dodging
 - Level 1.3 Stealth


You had 6 spell levels left.
You didn't know any spells.

Dungeon Overview and Level Annotations

Branches:
Dungeon (5/15)
 Temple: D:4-7

Altars:
Dithmenos


Innate Abilities, Weirdness & Mutations

You are small and have problems with some larger weapons.
You are carnivorous and can eat meat at any time.


Message History

Firing (i - inventory):
d - 12 bolts (quivered)
Press: ? - help, Shift-Dir - straight line You shoot a bolt.
Something hits you. Something shocks you.
* * * LOW HITPOINT WARNING * * *
Firing (i - inventory):
d - 11 bolts (quivered)
Press: ? - help, Shift-Dir - straight line You shoot a bolt.
You hear a splash.
Something hits you but does no damage. Something hits you.
* * * LOW HITPOINT WARNING * * *
Something shocks you.
* * * LOW HITPOINT WARNING * * *
Firing (i - inventory):
d - 10 bolts (quivered)
Press: ? - help, Shift-Dir - straight line You shoot a bolt.
You hear a splash.
Something hits you.
* * * LOW HITPOINT WARNING * * *
Something shocks you.
You die...

##..## #.# . ##..##
#.### ..# ##..÷##
#.... #... #..#..#
#.... #...###.§§§.#
#.... #......._.(#
#....
##.###.§§§.######....
#..###...............
#(.{@....#..#####....
#...##.#####.# #....
(.<.. #.# #.# #....
.### #.# #.# #....
..# #...# #.### .##
###...#.## .. #....##
.. ##.....#
..........


There were no monsters in sight!

Vanquished Creatures
  An ice beast (D:5)
  An ogre (D:4)
  A scorpion (D:5)
  A hound (D:5)
  A bullfrog skeleton (D:5)
  An orc wizard (D:4)
  A worker ant (D:5)
  3 adders
  2 oozes
  An adder skeleton (D:4)
  3 worms (D:2)
  A dart slug (D:2)
  5 leopard geckos
  9 orcs
  7 bats
  4 giant cockroaches
  9 goblins
  13 hobgoblins
  13 jackals
  5 kobolds
  A quokka (D:3)
  10 frilled lizards
  A leopard gecko skeleton (D:4)
  8 rats
102 creatures vanquished.

Notes
Turn   | Place    | Note
-------+----------+-------------------------------------------
     0 | D:1      | dobroeutro the Kobold Hunter began the quest for the Orb.
     0 | D:1      | Reached XP level 1. HP: 12/12 MP: 1/1
   100 | D:1      | Reached skill level 1 in Short Blades
   118 | D:1      | Reached XP level 2. HP: 10/18 MP: 2/2
   492 | D:1      | Reached skill level 5 in Crossbows
   615 | D:1      | Reached XP level 3. HP: 8/22 MP: 3/3
  1101 | D:2      | Found a faded altar of an unknown god.
  1106 | D:2      | Reached XP level 4. HP: 26/27 MP: 4/4
  1691 | D:3      | Reached XP level 5. HP: 32/32 MP: 5/5
  2598 | D:4      | Noticed an ogre
  2615 | D:4      | Killed an ogre
  2615 | D:4      | Reached XP level 6. HP: 19/38 MP: 6/6
  3121 | D:5      | Entered Level 5 of the Dungeon
  3139 | D:5      | Noticed an ice beast
  3147 | D:5      | Killed an ice beast
  3147 | D:5      | Reached skill level 6 in Crossbows
  3151 | D:5      | Found a shadowy altar of Dithmenos.
  3162 | D:5      | Reached XP level 7. HP: 36/44 MP: 7/7
  3201 | D:5      | Reached skill level 5 in Dodging
  3259 | D:5      | Slain by a sky beast

Vault maps used:
D:1:      erik_arrival_cave_to_civilisation
D:2:      ecumenical_altar_2
D:3:      kennysheep_generic_room_2
D:4:      cheibrodos_quashed, first_bread, chequers_big_river, hex_tiny
D:5:      grunt_dithmenos_smoke

Skill      XL: |  1  2  3  4  5  6  7 |
---------------+----------------------+-----
Short Blades   | 1 2 3 4 |  4.2
Crossbows      | 5 6 |  6.3
Dodging        | 3 4 5 |  5.1
Fighting       | 3 4 |  4.7
Stealth        | |  1.3

Action                   |  1- 3 |  4- 6 |  7- 9 || total
-------------------------+-------+-------+-------++-------
Melee: Hand axe          |   127 |    41 |       ||   168
       War axe           |       |    63 |       ||    63
       Short sword       |       |   124 |       ||   124
 Fire: Hand crossbow     |       |    22 |    44 ||    66
  Use: Scroll            |       |     3 |       ||     3
 Stab: Sleeping          |     1 |     1 |       ||     2
       Distracted        |     1 |       |       ||     1
  Eat: Chunk             |     6 |    11 |     1 ||    18
Armor: Leather armour    |    32 |    63 |    15 ||   110
Dodge: Dodged            |   123 |   188 |    37 ||   348
